 Dungeon Crawl Stone Soup version 0.20-a0-33-g996f6e0 (webtiles) character file.

2657 Faca the Poker (level 9, -2/69 HPs)
             Began as a Merfolk Gladiator on Nov 10, 2016.
             Was an Elder of Okawaru.
             Slain by a nine-headed hydra (4 damage)
             ... on level 7 of the Dungeon.
             The game lasted 01:05:03 (7535 turns).

Faca the Poker (Merfolk Gladiator)                  Turns: 7535, Time: 01:05:04

Health: -2/69      AC: 16    Str: 16    XL:     9   Next: 62%
Magic:  9/9        EV: 12    Int:  7    God:    Okawaru [****..]
Gold:   148        SH:  0    Dex: 17    Spells: 1 memorised, 4 levels left

rFire  . . .     SeeInvis .     y - +9 hand axe of Zin's Regard {freeze, *Slow rElec Stlth+}
rCold  . . .     Gourm    .     p - +0 chain mail
rNeg   . . .     Faith    .     (no shield)
rPois  .         Spirit   .     u - +0 helmet
rElec  +         Reflect  .     (no cloak)
rCorr  .         Harm     .     k - +0 pair of gloves
MR     .....                    (no boots)
Stlth  ..........               (no amulet)
                                C - +4 ring of protection
                                i - +3 ring of evasion

@: no status effects
A: change form in water, swift swim, stealthy swim
a: Heroism, Renounce Religion


You were on level 7 of the Dungeon.
You worshipped Okawaru.
Okawaru was greatly pleased with you.
You were not hungry.

You visited 1 branch of the dungeon, and saw 7 of its levels.

You collected 298 gold pieces.
You spent 150 gold pieces at shops.

Inventory:

Hand Weapons
 y - the +9 hand axe of Zin's Regard (weapon) {freeze, *Slow rElec Stlth+}
   (You found it on level 4 of the Dungeon)

   It has been specially enchanted to freeze those struck by it, causing extra
   injury to most foes and up to half again as much damage against particularly
   susceptible opponents.
   It can also slow down cold-blooded creatures.
   It insulates you from electricity.
   It may slow you when you take damage.
   It makes you more stealthy.
 E - a +2 vampiric trident
 F - a +0 trident of distortion
Missiles
 b - 17 tomahawks (quivered)
 d - 3 throwing nets
 D - 5 tomahawks of returning
Armour
 k - a +0 pair of gloves (worn)
 p - a +0 chain mail (worn)
 u - a +0 helmet (worn)
Jewellery
 i - a +3 ring of evasion (left hand)
 o - an uncursed ring of protection from magic
 v - an uncursed ring of protection from cold
 C - a +4 ring of protection (right hand)
Wands
 m - a wand of flame (23/48)
 x - a wand of hasting (1/9)
Scrolls
 a - 2 scrolls of noise
 f - a scroll of identify
 l - 3 scrolls of teleportation
 n - 5 scrolls of remove curse
 t - 2 scrolls of magic mapping
Potions
 c - 3 potions of curing
 e - 2 potions of agility
 g - a potion of cure mutation {unknown}
 h - 2 potions of resistance
 q - a potion of heal wounds {unknown}
 r - a potion of haste {unknown}
 w - a potion of might
 z - a potion of brilliance {unknown}
 G - a potion of magic {unknown}
Books
 s - Kikubaaqudgha's Almanac of Unholy Rites
   (Kikubaaqudgha gifted it to you on level 2 of the Dungeon)

   Spells                             Type                      Level
   a - Pain                           Necromancy                   1
   b - Corpse Rot                     Necromancy                   2
   c - Sublimation of Blood           Necromancy                   2
   d - Vampiric Draining              Necromancy                   3
   e - Control Undead                 Necromancy                   4
 A - a book of Frost

   Spells                             Type                      Level
   a - Freeze                         Ice                          1
   b - Throw Frost                    Conjuration/Ice              2
   c - Ozocubu's Armour               Charms/Ice                   3
   d - Throw Icicle                   Conjuration/Ice              4
   e - Summon Ice Beast               Ice/Summoning                4
Comestibles
 j - 2 bread rations
 B - 3 fruits


   Skills:
 + Level 5.7 Fighting
 + Level 7.1(7.7) Axes
 + Level 7.9(10.9) Polearms
 + Level 2.2 Throwing
 + Level 4.4 Armour
 + Level 5.4 Dodging
 - Level 0.8 Stealth


You had 4 spell levels left.
You knew the following spells:

 Your Spells              Type           Power        Failure   Level  Hunger
a - Throw Icicle          Conj/Ice       #.......     100%        4    #####..


Dungeon Overview and Level Annotations

Branches:
Dungeon (7/15)             Temple (0/1) D:6

Altars:
Ashenzari
Fedhas
Hepliaklqana
Kikubaaqudgha
Okawaru
Ru
Trog
Uskayaw
Vehumet
Yredelemnul
Zin
Beogh

Shops:
D:5 %   D:6 !


Message History

The nine-headed hydra bites you.
* * * LOW HITPOINT WARNING * * *
The nine-headed hydra bites you.
* * * LOW HITPOINT WARNING * * *
The nine-headed hydra completely misses you.
The nine-headed hydra closely misses you.
The nine-headed hydra barely misses you.
The nine-headed hydra bites you!
* * * LOW HITPOINT WARNING * * *
The nine-headed hydra bites you but does no damage.
The nine-headed hydra closely misses you.
The nine-headed hydra bites you.
* * * LOW HITPOINT WARNING * * *
Unknown command.
You hit the nine-headed hydra. You freeze the nine-headed hydra.
The nine-headed hydra is moderately wounded.
You barely miss the nine-headed hydra.
The nine-headed hydra is moderately wounded.
The nine-headed hydra bites you.
You die...

##########...
#............ ##
#..########..
+..#.)#..'...#..
#..#).#..#.8.#..
#..#.)#..#.(.###
#####..#..#..#####
#......#..#......#
#..@D..#..#......###
#..#####..#####..#.#
#......#..#......#..
#......#..#......#..
#####..#..#..#####..
#..†...#..#......#..
#...)..#..#......#..
#..#####..#####..#..
#......#..#......#..


You could see a nine-headed hydra.

Vanquished Creatures
  A hippogriff (D:7)
  2 water moccasins
  2 sky beasts (D:7)
  2 orc warriors (D:6)
  A phantom (D:4)
  A necrophage (D:6)
  An ogre (D:4)
  2 centaurs
  The ghost of Subnatural the Digger, an amateur GrEE (D:4)
  2 bullfrogs
  A wyvern zombie (D:7)
  A scorpion (D:5)
  4 killer bees (D:7)
  A tengu zombie (D:7)
  A yak skeleton (D:7)
  A howler monkey (D:6)
  4 crimson imps
  A jelly (D:7)
  A two-headed ogre zombie (D:7)
  A centaur zombie (D:7)
  An orc priest (D:6)
  2 bullfrog zombies (D:7)
  2 hounds
  A soldier ant zombie (D:7)
  2 centaur skeletons (D:5)
  7 orc wizards
  4 worker ants
  A killer bee zombie (D:4)
  A crocodile zombie (D:4)
  4 ogre zombies
  An ogre skeleton (D:5)
  3 hound zombies
  A hound skeleton (D:5)
  A howler monkey zombie (D:5)
  A worker ant zombie (D:4)
  A howler monkey skeleton (D:6)
  A scorpion zombie (D:4)
  7 adders
  2 shadow imps (D:6)
  An adder zombie (D:4)
  An iguana zombie (D:4)
  An adder skeleton (D:4)
  An orc skeleton (D:7)
  A worm (D:2)
  3 dart slugs
  41 orcs
  2 giant cockroaches (D:3)
  6 goblins
  9 hobgoblins
  7 jackals
  4 quokkas
  A ball python (D:5)
  2 ball python skeletons
  9 bats
  A dart slug zombie (D:7)
  4 frilled lizards
  A frilled lizard zombie (D:5)
  2 goblin skeletons (D:7)
  A hobgoblin zombie (D:6)
  2 jackal zombies
  10 kobolds
  A kobold zombie (D:6)
  A leopard gecko zombie (D:6)
  15 orc zombies
  3 quokka skeletons
  A quokka zombie (D:6)
  4 rats
209 creatures vanquished.

Vanquished Creatures (others)
  A plant (D:7)
1 creature vanquished.

Grand Total: 210 creatures vanquished

Notes
Turn   | Place    | Note
-------+----------+-------------------------------------------
     0 | D:1      | Faca the Merfolk Gladiator began the quest for the Orb.
     0 | D:1      | Reached XP level 1. HP: 16/16 MP: 1/1
   223 | D:1      | Reached XP level 2. HP: 23/23 MP: 2/2
   590 | D:2      | Found a faded altar of an unknown god.
   607 | D:2      | Reached XP level 3. HP: 24/28 MP: 3/3
   611 | D:2      | Reached skill level 5 in Polearms
  1310 | D:2      | Found a bloodstained altar of Trog.
  1317 | D:2      | Found a hazy altar of Hepliaklqana.
  1317 | D:2      | Found a radiant altar of Vehumet.
  1322 | D:2      | Found a sacrificial altar of Ru.
  1487 | D:2      | Became a worshipper of Kikubaaqudgha
  1487 | D:2      | Reached * piety under Kikubaaqudgha
  1487 | D:2      | Identified Kikubaaqudgha's Almanac of Unholy Rites (Kikubaaqudgha gifted it to you on level 2 of the Dungeon)
  1487 | D:2      | Received a gift from Kikubaaqudgha
  1505 | D:2      | Fell from the grace of Kikubaaqudgha
  1523 | D:3      | Found an iron altar of Okawaru.
  1572 | D:3      | Reached XP level 4. HP: 33/34 MP: 4/4
  1584 | D:3      | Reached skill level 1 in Armour
  1608 | D:3      | Became a worshipper of Warmaster Okawaru
  1840 | D:3      | Found a glowing silver altar of Zin.
  1840 | D:3      | Found a hide-covered altar of Uskayaw.
  2016 | D:3      | Reached XP level 5. HP: 39/39 MP: 5/5
  2631 | D:4      | Noticed an ogre
  2645 | D:4      | Killed an ogre
  3194 | D:4      | Found a blossoming altar of Fedhas.
  3194 | D:4      | Noticed a centaur
  3306 | D:4      | Killed a centaur
  3306 | D:4      | Reached XP level 6. HP: 16/47 MP: 6/6
  3654 | D:4      | Got a transparent hand axe
  3658 | D:4      | Identified the +9 hand axe of Zin's Regard {freeze, *Slow rElec Stlth+} (You found it on level 4 of the Dungeon)
  3872 | D:4      | Learned a level 4 spell: Throw Icicle
  3888 | D:4      | Noticed a phantom
  3888 | D:4      | Noticed Subnatural's ghost (amateur GrEE)
  3897 | D:4      | Killed Subnatural's ghost
  3897 | D:4      | Reached * piety under Okawaru
  3897 | D:4      | Reached skill level 1 in Axes
  3920 | D:4      | Killed a phantom
  3920 | D:4      | Reached XP level 7. HP: 24/54 MP: 7/7
  4386 | D:5      | Entered Level 5 of the Dungeon
  4820 | D:5      | Found a shattered altar of Ashenzari.
  4864 | D:5      | Reached ** piety under Okawaru
  5038 | D:5      | Reached XP level 8. HP: 42/61 MP: 8/8
  5189 | D:5      | Found Elydeh's Food Shop.
  5201 | D:5      | Bought a bread ration for 50 gold pieces
  5201 | D:5      | Bought a bread ration for 50 gold pieces
  5201 | D:5      | Bought a bread ration for 50 gold pieces
  5299 | D:6      | Found a staircase to the Ecumenical Temple.
  5443 | D:6      | Found Tisotso's Distillery.
  5449 | D:6      | Noticed a shadow
  5449 | D:6      | Noticed a shadow
  5454 | D:6      | Reached skill level 5 in Axes
  5469 | D:6      | HP: 2/61 [shadow[the malice of Kikubaaqudgha] (5)]
  5880 | D:6      | Reached skill level 5 in Fighting
  5914 | D:6      | Reached skill level 5 in Dodging
  5935 | D:6      | Found a runed door.
  6000 | D:6      | Reached *** piety under Okawaru
  6000 | D:6      | Reached XP level 9. HP: 29/68 MP: 9/9
  6029 | D:6      | Found a roughly hewn altar of Beogh.
  6574 | D:7      | Found a basalt altar of Yredelemnul.
  7187 | D:7      | Noticed a five-headed hydra
  7516 | D:7      | Reached **** piety under Okawaru
  7533 | D:7      | HP: 1/69 [nine-headed hydra (4)]
  7535 | D:7      | Slain by a nine-headed hydra

Vault maps used:
D:1:      minmay_arrival_radiant_lines, serial_park_tiny_1
D:2:      minitemple, ecumenical_altar_2
D:3:      okawaru_metal_pillars_1_2, gammafunk_temple_overflow_wave, first_bread
D:4:      fedhas_bush_and_centaur_altar
D:5:      nicolae_overflow_hidden_temple, serial_shops, shop, kennysheep_dice
D:6:      serial_shops, shop, lightli_church_of_beogh
D:7:      kennysheep_windowed_halls, basic_altar, the_bakery,
          serial_bayou_lagoon_b

Skill      XL: |  1  2  3  4  5  6  7  8  9 |
---------------+----------------------------+-----
Polearms       | 5 6 7 |  7.9
Armour         | 1 2 3 4 |  4.4
Fighting       | 3 4 5 |  5.7
Axes           | 1 3 5 7 |  7.1
Dodging        | 5 |  5.4
Throwing       | |  2.2
Stealth        | |  0.8

Action                   |  1- 3 |  4- 6 |  7- 9 || total
-------------------------+-------+-------+-------++-------
Melee: Trident           |   140 |   184 |       ||   324
       Hand axe          |       |    30 |   345 ||   375
Invok: Renounce Religion |     1 |       |       ||     1
  Use: Scroll            |     7 |     1 |     6 ||    14
       Potion            |       |       |     1 ||     1
 Stab: Sleeping          |     2 |       |       ||     2
  Eat: Bread ration      |     1 |     2 |     2 ||     5
       Beef jerky        |       |       |     1 ||     1
Armor: Leather armour    |     5 |       |       ||     5
       Scale mail        |    20 |     4 |       ||    24
       Chain mail        |       |    68 |   202 ||   270
Dodge: Dodged            |    95 |   100 |   225 ||   420
